 Dungeon Crawl Stone Soup version 0.30-a0-722-g3e6e8c874d (webtiles) character file.

Game seed: 13295752281863970797

658 Bnni the Chopper (level 7, 0/57 HPs)
             Began as a Formicid Fighter on Jan 28, 2023.
             Was an Initiate of Okawaru.
             Slain by a gnoll
             ... wielding a +0 halberd of flaming
              (5 damage)
             ... on level 5 of the Dungeon.
             The game lasted 00:05:40 (3908 turns).

Bnni the Chopper (Formicid Fighter)                 Turns: 3908, Time: 00:05:41

Health: 0/57       AC:  6    Str: 23    XL:     7   Next: 86%
Magic:  16/16      EV:  9    Int:  7    God:    Okawaru [......]
Gold:   294        SH:  5    Dex: 13    Spells: 6/6 levels left

rFire   . . .      SeeInvis +    r - +0 battleaxe
rCold   . . .      Faith    +    c - +0 buckler
rNeg    . . .      Spirit   .    b - +0 scale mail
rPois   .          Reflect  .    (helmet unavailable)
rElec   .          Harm     .    (no cloak)
rCorr   .          Rampage  .    (no gloves)
Will    .....                    (no boots) Stlth
                                 y - amulet of faith
HPRegen 0.29/turn                A - ring of magical power
MPRegen 0.15/turn                (no ring)

@: no status effects
A: permanent stasis, dig shafts and tunnels, antennae 3, four strong arms
a: Dig, Shaft Self, Renounce Religion


You were on level 5 of the Dungeon.
You worshipped Okawaru.
Okawaru was noncommittal.
You visited 2 branches of the dungeon, and saw 6 of its levels.

You collected 294 gold pieces.

Inventory:

Hand Weapons
 r - a +0 battleaxe (weapon)
Missiles
 e - 2 javelins
Armour
 b - a +0 scale mail (worn)
 c - a +0 buckler (worn)
Jewellery
 y - an amulet of faith (around neck)
 A - a ring of magical power (left hand)
Wands
 t - a wand of acid (5)
 w - a wand of iceblast (5)
Scrolls
 a - a scroll of blinking {unknown}
 d - 2 scrolls of silence {unknown}
 k - 4 scrolls of amnesia
 l - 3 scrolls of poison
 n - a scroll of vulnerability {unknown}
 x - a scroll of brand weapon {unknown}
 z - a scroll of magic mapping {unknown}
Potions
 f - a potion of lignification
 g - 2 potions of might
 h - a potion of berserk rage {unknown}
 j - 2 potions of degeneration {unknown}
 m - a potion of invisibility {unknown}
 o - 2 potions of brilliance {unknown}
 p - a potion of heal wounds {unknown}
 s - a potion of magic
 u - a potion of curing
 v - a potion of ambrosia {unknown}


   Skills:
 + Level 5.9 Fighting
 * Level 6.7 Axes
 - Level 3.2 Armour
 - Level 4.0 Shields
 + Level 1.0 Invocations


You had 6 spell levels left.
You didn't know any spells.
Your spell library was empty.

Dungeon Overview and Level Annotations

Branches:
Dungeon (5/15)             Temple (1/1) D:5

Altars:
Kikubaaqudgha
Makhleb
Nemelex Xobeh
Okawaru
Ru
Vehumet
Wu Jian
Xom


Innate Abilities, Weirdness & Mutations

You cannot be hasted, slowed, berserked, paralysed or teleported.
You can dig through walls and to a lower floor.
You have a pair of large antennae on your head. (SInv)
Your four strong arms can wield two-handed weapons with a shield.


Message History

You closely miss the gnoll. The gnoll closely misses you.
You block the gnoll's attack.
You hit the gnoll.
The gnoll is lightly wounded.
The gnoll hits you with a +0 halberd of flaming.
The gnoll burns you.
You barely miss the gnoll.
The gnoll is lightly wounded.
The gnoll barely misses you.
You barely miss the gnoll.
The gnoll is lightly wounded.
You block the gnoll's attack.
The gnoll hits you with a +0 halberd of flaming.
The gnoll burns you.
You closely miss the gnoll.
The gnoll is lightly wounded.
The gnoll hits you with a +0 halberd of flaming.
The gnoll burns you.
You barely miss the gnoll.
The gnoll is lightly wounded.
The gnoll hits you with a +0 halberd of flaming.
The gnoll burns you. You block the gnoll's attack.
You barely miss the gnoll.
The gnoll is lightly wounded.
You block the gnoll's attack.
You barely miss the gnoll.
The gnoll is lightly wounded.
The gnoll hits you with a +0 halberd of flaming.
The gnoll burns you.
You hit the gnoll but do no damage.
The gnoll is lightly wounded.
You block the gnoll's attack.
The gnoll hits you with a +0 halberd of flaming!
* * * LOW HITPOINT WARNING * * *
The gnoll burns you.
* * * LOW HITPOINT WARNING * * *
You barely miss the gnoll.
The gnoll is lightly wounded.
The gnoll hits you with a +0 halberd of flaming.
You die...

...######## ...>.......
### ....#########..
............##.## {
......#####.# ..# .
....#.#####.###.####...
....#..................
....#######.###..###..
....#######.# ##@#
............# #.g#
.†.########## ##...
...# ##.# ...# .# ...#
# ...# ........# .
####### ......... #.
....... ......#.#### #.


You could see a gnoll.

Vanquished Creatures
  Edmund (D:5)
  A water moccasin (D:4)
  A scorpion (D:4)
  A howler monkey (D:5)
  A hound (D:5)
  A scorpion zombie (D:3)
  Natasha (thrice) (D:4)
  2 iguanas
  A hound skeleton (D:3)
  Robin (D:3)
  3 gnolls (D:5)
  2 adders
  An adder zombie (D:3)
  An adder skeleton (D:3)
  A worm (D:3)
  4 dart slugs
  4 orcs
  7 endoplasms
  3 giant cockroaches
  11 goblins
  3 hobgoblins
  6 jackals
  5 quokkas
  2 ball pythons
  A ball python skeleton (D:3)
  2 bats (D:2)
  9 frilled lizards
  A jackal skeleton (D:3)
  3 kobolds
  A quokka zombie (D:3)
  4 rats
87 creatures vanquished.

Notes
Turn   | Place    | Note
-------+----------+-------------------------------------------
     0 | D:1      | Bnni the Formicid Fighter began the quest for the Orb.
     0 | D:1      | Reached XP level 1. HP: 18/18 MP: 1/1
   263 | D:1      | Reached XP level 2. HP: 22/23 MP: 2/2
   739 | D:2      | You fall into a shaft and drop 2 floors!
   787 | D:4      | Reached skill level 3 in Axes
   787 | D:4      | Reached XP level 3. HP: 9/30 MP: 3/3
   873 | D:4      | Noticed Natasha
   882 | D:4      | Killed Natasha
   883 | D:4      | Reached XP level 4. HP: 22/37 MP: 4/4
   883 | D:4      | Noticed a scorpion
   897 | D:4      | Killed a scorpion
   898 | D:4      | Reached skill level 4 in Axes
   898 | D:4      | Reached XP level 5. HP: 6/43 MP: 5/5
  1208 | D:3      | Noticed Robin
  1222 | D:3      | Killed Robin
  1397 | D:3      | Identified the +10 dagger of Benevolence {antimagic, Str-4
                  | Dex+5 SInv}
  1557 | D:3      | Reached skill level 5 in Axes
  1557 | D:3      | Reached XP level 6. HP: 47/50 MP: 6/6
  2276 | D:2      | Found a faded altar of an unknown god.
  2291 | D:2      | Found a shimmering altar of Xom.
  2536 | D:4      | Reached skill level 5 in Fighting
  2550 | D:4      | Noticed a water moccasin
  2552 | D:4      | Noticed Natasha
  2559 | D:4      | HP: 2/51 [water moccasin (5)]
  2563 | D:4      | Killed a water moccasin
  2564 | D:4      | Killed Natasha
  2565 | D:4      | Reached XP level 7. HP: 2/56 MP: 7/7
  2719 | D:4      | Noticed Natasha
  2728 | D:4      | Killed Natasha
  3121 | D:5      | Entered Level 5 of the Dungeon
  3126 | D:5      | Reached skill level 6 in Axes
  3143 | D:5      | Noticed Edmund
  3153 | D:5      | Killed Edmund
  3301 | D:5      | Found a staircase to the Ecumenical Temple.
  3309 | D:5      | HP: 2/57 [gnoll/+0 spear[a gnoll bouda] (2)]
  3310 | Temple   | Entered the Ecumenical Temple
  3510 | Temple   | Became a worshipper of Warmaster Okawaru
  3529 | D:5      | HP: 1/57 [gnoll/+0 halberd of flaming (2)]
  3780 | D:5      | Reached skill level 1 in Invocations
  3908 | D:5      | Slain by a gnoll

Illustrated notes

Levels and vault maps discovered:
D:1:      lordsloth_arrival_two_stooges, layout_basic,
          hangedman_decor_peaks_small, minmay_pentomino_v2
D:2:      layout_basic, basic_altar, hellmonk_ecumenical_altar_crossroads,
          minmay_lizard_pond
D:3:      minmay_spotlight, layout_loops_ring, serial_undead, serial_undead_a,
          serial_undead_a, serial_undead_c, serial_undead_e, uniq_robin
D:4:      layout_loops_ring, uniq_natasha
D:5:      layout_basic, minmay_temple_entry_statues_fountains,
          kennysheep_generic_room_9, uniq_edmund, uniq_menkaure
Temple:   nicolae_temple_bog_church

Skill      XL: |  1  2  3  4  5  6  7 |
---------------+----------------------+-----
Axes           | 3 4 5 6 |  6.7
Fighting       | 4 5 |  5.9
Invocations    | 1 |  1.0
Armour         | |  3.2
Shields        | |  4.0

Action                     |  1- 3 |  4- 6 |  7- 9 || total
---------------------------+-------+-------+-------++-------
  Melee: War axe           |    41 |    54 |       ||    95
         Battleaxe         |       |    85 |    52 ||   137
Ability: Dig               |     2 |       |     1 ||     3
  Evoke: Wand              |       |     3 |     2 ||     5
    Use: Potion            |     1 |     3 |     1 ||     5
         Scroll            |       |       |     5 ||     5
   Stab: Distracted        |       |       |     1 ||     1
 Armour: Scale mail        |     8 |    77 |     9 ||    94
  Dodge: Dodged            |    22 |    64 |    32 ||   118
  Block: Buckler           |     6 |    29 |    21 ||    56

Table legend: (Time is in decaauts)
 A = Elapsed time spent in this place.
 B = Non-inter-level travel time spent in this place.
 C = Inter-level travel time spent in this place.
 D = Time resting spent in this place.
 E = Time spent auto-exploring this place.
 F = Levels seen in this place.
 G = Mean time per level.
                   A        B        C        D        E       F      G
               +--------+--------+--------+--------+--------+-----+--------+
         Total |   4003 |   3900 |    103 |    609 |   2537 |   6 |  667.2 |
       Dungeon |   3790 |   3687 |    103 |    422 |   2533 |   5 |  758.0 |
        Temple |    212 |    212 |      0 |    187 |      4 |   1 |  212.0 |
               +--------+--------+--------+--------+--------+-----+--------+

Top non-repeatable levels by time:
     D:4: 1258 daAuts
     D:3: 847 daAuts
     D:1: 744 daAuts
     D:2: 512 daAuts
     D:5: 428 daAuts
  Temple: 212 daAuts
